 Dungeon Sprint DCSS version 0.31-a0-851-g7ff8af7976 (webtiles) character file.

Game seed: 1293874671677561572

1677 AiryTheDragon the Spear-Bearer (level 8, -7/64 HPs)
             Began as a Demonspawn Gladiator on Oct 7, 2023.
             Was an Initiate of Jiyva.
             Mangled by a demonic crawler (13 damage)
             ... while paralysed by a hornet
             ... in the Dungeon (Sprint I: "Red Sonja") on Oct 8, 2023.
             The game lasted 00:21:10 (550 turns).

AiryTheDragon the Spear-Bearer (DsGl)                Turns: 550, Time: 00:21:11

Health: -7/64      AC:  9    Str: 16    XL:     8   Next: 70%
Magic:  8/8        EV:  2    Int: 10    God:    Jiyva [......]
Gold:   32         SH:  0    Dex: 15    Spells: 7/7 levels left

rFire   . . .        e - +0 scythe (flame)
rCold   . . .        (shield currently unavailable)
rNeg    + . .        l - +2 scale mail {rN+}
rPois   .            (helmet restricted)
rElec   .            (no cloak)
rCorr   .            (no gloves)
SInv    .            (no boots)
Will    .....        n - amulet of reflection Stlth
                     (no ring)
HPRegen 0.30/turn    (no ring)
MPRegen 0.11/turn

%: no teleportation, reflection
@: paralysed, slowed
A: horns 2, ignite blood 2, demonic magic 1
a: Renounce Religion


You were in the Dungeon.
You worshipped Jiyva.
Jiyva was noncommittal.
You visited 1 branch You collected 422 gold pieces.
You spent 390 gold pieces at shops.

Inventory:

Hand Weapons
 a - a +0 trident
 e - a +0 scythe of flaming (weapon)
Missiles
 d - 2 throwing nets (quivered)
 m - 6 stones
Armour
 b - a +0 leather armour
 c - a +0 helmet
 h - a +1 robe of resistance
 l - a +2 scale mail of positive energy (worn)
Jewellery
 n - an amulet of reflection (around neck)
Wands
 j - a wand of flame (10)
Potions
 g - a potion of heal wounds
 i - 2 potions of magic


   Skills:
 + Level 6.2 Fighting
 + Level 10.4 Polearms
 * Level 4.9 Throwing
 * Level 7.3 Armour
 + Level 9.1 Dodging
 + Level 1.5 Shields
 * Level 7.1 Evocations


You had 7 spell levels left.
You didn't know any spells.
Your spell library was empty.

Dungeon Overview and Level Annotations

Branches:
Dungeon (1/1)

Altars:
Cheibriados
Dithmenos
Fedhas
Gozag
Hepliaklqana
Kikubaaqudgha
Makhleb
Nemelex Xobeh
Okawaru
Qazlal
Ru
Sif Muna
Trog
Uskayaw
Vehumet
Wu Jian
Xom
Yredelemnul
Jiyva
Lugonu

Shops:
D =

Annotations:
D Sonja


Innate Abilities, Weirdness & Mutations

You have a pair of horns on your head.
Your demonic aura often causes spilled blood to erupt in flames.
Spells you cast may paralyse adjacent enemies.


Message History

The acid corrodes the demonic crawler!
The demonic crawler is lightly wounded.
The demonic crawler gives a hideous shriek!
The now-empty wand crumbles to dust.
You hear a shout!
You barely miss the hornet.
The hornet is heavily wounded.
The hornet stings you!
You feel yourself slow down. The hornet stings you!
You are poisoned.
You suddenly lose the ability to move!
You can move again.
You feel very sick. You block the hornet's attack. The hornet stings you.
You feel as though you will be slow longer.
There is an open door, spattered with blood here.
You feel better.
The demonic crawler is engulfed in blazing flames.
You block the demonic crawler's attack.
The demonic crawler completely misses you.
The demonic crawler closely misses you. The hornet closely misses you.
The demonic crawler is engulfed in blazing flames.
The demonic crawler hits you! The demonic crawler misses you.
The demonic crawler hits you. You block the hornet's attack.
A deep troll comes into view.
You aren't carrying any scrolls.
You hit the hornet but do no damage.
The hornet is moderately wounded.
The hornet stings you.
You suddenly lose the ability to move!
The demonic crawler is engulfed in blazing flames.
The demonic crawler hits you but does no damage.
The demonic crawler hits you!
* * * LOW HITPOINT WARNING * * *
The demonic crawler hits you!
* * * LOW HITPOINT WARNING * * *
The hornet stings you but does no damage.
The demonic crawler is engulfed in blazing flames.
The demonic crawler hits you.
* * * LOW HITPOINT WARNING * * *
The demonic crawler hits you!
You die...

##########################
#<.#.))..#.☼@ss#__#.KK...#
#..'..#..'÷.#y.§..'..#
#..#####'#####§#__####
#..####..#...#T####..
#..#__####..##.#~~~§c
#..#_____##'#_..~§§§
#⌠⌠#_.∩..G'..._#§~§§c#
####_..§_##_.#'##.####
#_____###.#.# ...


You could see 2 demonic crawlers and a hornet.

Vanquished Creatures
  A demonic crawler (D)
  2 kobold demonologists (D)
  A slime creature (D)
  Sigmund (D)
  A yak (D)
  An ogre (D)
  A jelly (D)
  Ijyb (D)
9 creatures vanquished.

Vanquished Creatures (others)
  7 shining eyes (D)
  An unseen horror (D)
  5 floating eyes (D)
  7 necrophages (D)
  7 jellies (D)
  2 ballistomycete spores (D)
29 creatures vanquished.

Grand Total: 38 creatures vanquished

Notes
Turn   | Place    | Note
-------+----------+-------------------------------------------
     0 | D        | AiryTheDragon the Demonspawn Gladiator began the quest for
                  | the Orb.
     0 | D        | Reached XP level 1. HP: 16/16 MP: 1/1
     2 | D        | Noticed Ijyb
    14 | D        | Killed Ijyb
    15 | D        | Reached skill level 4 in Polearms
    15 | D        | Gained mutation: Your demonic aura sometimes causes spilled
                  | blood to erupt in flames. [demonic ancestry]
    15 | D        | Reached XP level 2. HP: 23/23 MP: 2/2
    48 | D        | Noticed an ogre
    55 | D        | Killed an ogre
    56 | D        | Reached skill level 5 in Polearms
    56 | D        | Reached skill level 5 in Dodging
    56 | D        | Gained mutation: Your demonic aura often causes spilled
                  | blood to erupt in flames. [demonic ancestry]
    56 | D        | Reached XP level 3. HP: 16/29 MP: 3/3
    56 | D        | Gained mutation: You have a pair of small horns on your
                  | head. [demonic ancestry]
    56 | D        | Reached XP level 4. HP: 19/35 MP: 4/4
   131 | D        | Noticed Sigmund
   141 | D        | Killed Sigmund
   142 | D        | Reached skill level 6 in Polearms
   142 | D        | Gained mutation: Spells you cast may paralyse adjacent
                  | enemies. [demonic ancestry]
   142 | D        | Reached XP level 5. HP: 42/42 MP: 5/5
   156 | D        | Found a shimmering blue altar of Sif Muna.
   157 | D        | Found an ornate altar of the Wu Jian Council.
   158 | D        | Found a radiant altar of Vehumet.
   163 | D        | Reached skill level 7 in Polearms
   163 | D        | Reached XP level 6. HP: 37/48 MP: 6/6
   201 | D        | Found a burning altar of Makhleb.
   201 | D        | Found a viscous altar of Jiyva.
   201 | D        | Found a shimmering altar of Xom.
   201 | D        | Found a corrupted altar of Lugonu.
   201 | D        | Noticed a slime creature
   208 | D        | Killed a slime creature
   237 | D        | Became a worshipper of Jiyva Jouhe the Shapeless
   251 | D        | Killed a floating eye
   259 | D        | Found Zieces's Jewellery Emporium.
   259 | D        | Found an ancient bone altar of Kikubaaqudgha.
   259 | D        | Found a hazy altar of Hepliaklqana.
   259 | D        | Found a hide-covered altar of Uskayaw.
   259 | D        | Found a basalt altar of Yredelemnul.
   259 | D        | Found an opulent altar of Gozag.
   259 | D        | Found a snail-covered altar of Cheibriados.
   259 | D        | Found a sacrificial altar of Ru.
   259 | D        | Found a shadowy altar of Dithmenos.
   259 | D        | Noticed a yak
   262 | D        | Killed a yak
   263 | D        | Reached skill level 8 in Polearms
   263 | D        | Reached skill level 5 in Armour
   263 | D        | Reached skill level 5 in Evocations
   263 | D        | Reached XP level 7. HP: 48/55 MP: 7/7
   263 | D        | Found a stormy altar of Qazlal.
   263 | D        | Found a blossoming altar of Fedhas.
   263 | D        | Found a bloodstained altar of Trog.
   263 | D        | Found an iron altar of Okawaru.
   264 | D        | Found a sparkling altar of Nemelex Xobeh.
   306 | D        | Killed an unseen horror
   313 | D        | Bought an amulet of reflection for 390 gold pieces
   323 | D        | Noticed a shining eye
   324 | D        | Noticed Sonja
   334 | D        | Noticed a shining eye
   342 | D        | Noticed a centaur warrior
   342 | D        | Noticed a centaur warrior
   342 | D        | Noticed a shining eye
   343 | D        | Killed a shining eye
   403 | D        | Noticed a kobold demonologist
   404 | D        | Noticed a red devil
   405 | D        | Noticed a demonic crawler
   405 | D        | Noticed a kobold demonologist
   420 | D        | Killed a shining eye
   421 | D        | Killed a kobold demonologist
   422 | D        | Reached skill level 5 in Fighting
   422 | D        | Reached skill level 9 in Polearms
   425 | D        | Killed a demonic crawler
   426 | D        | Reached skill level 10 in Polearms
   426 | D        | Reached skill level 1 in Shields
   426 | D        | Gained mutation: You have a pair of horns on your head.
                  | [demonic ancestry]
   426 | D        | Reached XP level 8. HP: 40/64 MP: 8/8
   428 | D        | Noticed a demonic crawler
   429 | D        | Noticed a sun demon
   429 | D        | Killed a kobold demonologist
   442 | D        | Killed a shining eye
   453 | D        | Killed a shining eye
   495 | D        | Killed a shining eye
   503 | D        | Killed a shining eye
   507 | D        | Killed a shining eye
   508 | D        | Banished a shining eye
   543 | D        | Noticed a hornet
   544 | D        | Noticed a demonic crawler
   547 | D        | Paralysed by a hornet for 1 turns
   549 | D        | Noticed a deep troll
   550 | D        | Paralysed by a hornet for 3 turns
   550 | D        | Mangled by a demonic crawler

Illustrated notes

Levels and vault maps discovered:
D:        dungeon_sprint_1 [red_sonja_temple_1, red_sonja_temple_small_1]

Skill      XL: |  1  2  3  4  5  6  7  8 |
---------------+-------------------------+-----
Polearms       | 4 5 6 7 8 10 | 10.4
Throwing       | 2 3 4 |  4.9
Dodging        | 4 5 6 7 8 9 |  9.1
Fighting       | 3 4 6 |  6.2
Armour         | 2 4 5 6 7 |  7.3
Evocations     | 3 5 6 7 |  7.1
Shields        | 1 |  1.5

Action                     |  1- 3 |  4- 6 |  7- 9 || total
---------------------------+-------+-------+-------++-------
  Melee: Trident           |    15 |     7 |       ||    22
         Punch             |     2 |       |       ||     2
         Headbutt          |       |     6 |       ||     6
         Halberd           |       |    11 |     6 ||    17
  Throw: Javelin           |     1 |       |       ||     1
         Throwing net      |       |       |     2 ||     2
  Evoke: Wand              |       |     3 |     9 ||    12
    Use: Potion            |     2 |       |     1 ||     3
         Scroll            |     1 |       |       ||     1
 Armour: Leather armour    |     3 |       |       ||     3
         Scale mail        |     1 |     4 |    22 ||    27
  Dodge: Dodged            |     6 |    12 |    15 ||    33
  Block: Other             |       |       |     7 ||     7
         Reflection        |       |       |     1 ||     1

Table legend: (Time is in decaauts)
 A = Elapsed time spent in this place.
 B = Non-inter-level travel time spent in this place.
 C = Inter-level travel time spent in this place.
 D = Time resting spent in this place.
 E = Time spent auto-exploring this place.
 F = Levels seen in this place.
 G = Mean time per level.
                   A        B        C        D        E       F      G
               +--------+--------+--------+--------+--------+-----+--------+
         Total |    550 |    514 |     36 |    299 |      0 |   1 |  550.0 |
       Dungeon |    550 |    514 |     36 |    299 |      0 |   1 |  550.0 |
               +--------+--------+--------+--------+--------+-----+--------+

Top non-repeatable levels by time:
       D: 550 daAuts
